 Dungeon Crawl Stone Soup version 0.28-a0-1638-g9123634e07 (webtiles) character file.

Game seed: 10795741618700187825

272 hashsling the Poker (level 6, -3/47 HPs)
             Began as a Merfolk Gladiator on Jan 25, 2022.
             Slain by Pikel (7 damage)
             ... on level 4 of the Dungeon.
             The game lasted 00:06:56 (4178 turns).

hashsling the Poker (Merfolk Gladiator)             Turns: 4178, Time: 00:06:58

Health: -3/47      AC:  4    Str: 14    XL:     6   Next: 23%
Magic:  6/6        EV: 15    Int:  8    God:
Gold:   129        SH:  0    Dex: 17    Spells: 2/5 levels left

rFire   . . .      SeeInvis .   m - +0 halberd
rCold   . . .      Faith    .   (shield currently unavailable)
rNeg    . . .      Spirit   .   b - +0 leather armour
rPois   .          Reflect  .   c - +0 helmet
rElec   .          Harm     .   (no cloak)
rCorr   .          Rampage  .   (no gloves)
Will    .....                   (no boots)
Stlth   +.........              (no amulet)
HPRegen 0.15/turn               (no ring)
MPRegen 0.10/turn               (no ring)

@: no status effects
A: (nimble swimmer 2), mertail
a: no special abilities


You were on level 4 of the Dungeon.
You visited 1 branch of the dungeon, and saw 4 of its levels.

You collected 129 gold pieces.

Inventory:

Hand Weapons
 a - a +0 trident
 m - a +0 halberd (weapon)
Missiles
 e - a boomerang (quivered)
Armour
 b - a +0 leather armour (worn)
 c - a +0 helmet (worn)
Jewellery
 l - a +6 ring of intelligence
Scrolls
 g - a scroll of enchant armour {unknown}
 h - a scroll of fog {unknown}
 k - 2 scrolls of teleportation {unknown}
Potions
 f - a potion of brilliance {unknown}
 i - a potion of magic
 j - a potion of curing


   Skills:
 + Level 3.5 Fighting
 * Level 6.9 Polearms
 - Level 2.0 Throwing
 * Level 6.2 Dodging
 * Level 1.3 Ice Magic


You had 2 spell levels left.
You knew the following spells:

 Your Spells              Type           Power      Damage    Failure   Level
a - Ozocubu's Armour      Ice            2%         N/A       67%         3

Your spell library contained the following spells:

 Spells                   Type           Power      Damage    Failure   Level
 Static Discharge         Conj/Air       0%         N/A       63%         2
 Lightning Bolt           Conj/Air       0%         1d11      100%        5
 Ozocubu's Refrigeration  Ice            1%         4d5       100%        7
 Maxwell's Capacitive Co  Air            0%         ∞         100%        8


Dungeon Overview and Level Annotations

Branches:
Dungeon (4/15)
 Temple: D:4-7

Altars:

Annotations:
D:4 Pikel


Innate Abilities, Weirdness & Mutations

((You are very nimble when in or above water. (Stealth+, EV+, Speed+++)))
Your lower body shifts to a powerful aquatic tail in water.


Message History

You hit the ogre.
The ogre is lightly wounded.
The ogre closely misses you.
Reach: m) +0 halberd
Press: ? - help, Dir - move target, f/p - ogre
Aim: an ogre, wielding a +0 giant club (lightly wounded, about 27% to evade your +0 halberd)
You hit the ogre.
The ogre is moderately wounded.
The ogre closely misses you.
Reach: m) +0 halberd
Press: ? - help, Dir - move target, f/p - ogre
Aim: an ogre, wielding a +0 giant club (lightly wounded, about 27% to evade your +0 halberd)
You barely miss the ogre.
The ogre is lightly wounded.
The ogre hits you with a +0 giant club!!
* * * LOW HITPOINT WARNING * * *
There is a stone staircase leading down here.
You see here a ball python corpse.
Found a stone staircase leading up.
Found a trident.
Pikel, a lemure and an endoplasm come into view.
Pikel is wielding a +2 whip of flaming.
Found a fizzy golden potion.
Pikel shouts!
A lemure comes into view. x2
A lemure comes into view.
The lemure shouts! x3
The endoplasm quivers.
The lemure shouts!
The lemure misses you. The endoplasm freezes you.
You are frozen.
* * * LOW HITPOINT WARNING * * *
You slash the lemure!
The lemure is moderately wounded.
The endoplasm freezes you.
You are frozen.
* * * LOW HITPOINT WARNING * * *
Pikel hits you with a +2 whip of flaming!
You die...

#......## #...###
#.....## .. #....†# ##
#....[###.. ####
#.....#...######...
#######g...........#.##
##.....O.####.........#
.....5J5## #........##
.....5K@.# #........#
...!).5..# #.......###
########## #.........##
#.......#...
#.......#.##
#########.# ........##
########.< #..


You could see Pikel, an ogre, 4 lemures, an endoplasm and a goblin.

Vanquished Creatures
  A scorpion (D:3)
  An orc priest (D:3)
  An orc wizard (D:3)
  7 gnolls
  3 adders
  An adder skeleton (D:4)
  3 dart slugs
  An orc (D:3)
  6 endoplasms
  3 giant cockroaches
  4 goblins
  5 hobgoblins
  9 kobolds
  6 ball pythons
  3 bats
  3 frilled lizards (D:2)
  5 rats
62 creatures vanquished.

Vanquished Creatures (others)
  17 plants
17 creatures vanquished.

Grand Total: 79 creatures vanquished

Notes
Turn   | Place    | Note
-------+----------+-------------------------------------------
     0 | D:1      | hashsling the Merfolk Gladiator began the quest for the
                  | Orb.
     0 | D:1      | Reached XP level 1. HP: 16/16 MP: 1/1
   420 | D:1      | Reached XP level 2. HP: 23/23 MP: 2/2
   685 | D:1      | Reached skill level 5 in Polearms
  1180 | D:2      | Reached XP level 3. HP: 22/28 MP: 3/3
  2397 | D:2      | Reached skill level 5 in Dodging
  2542 | D:2      | Reached XP level 4. HP: 33/34 MP: 4/4
  2543 | D:2      | Found a faded altar of an unknown god.
  3086 | D:3      | Noticed a scorpion
  3094 | D:3      | Killed a scorpion
  3095 | D:3      | Reached XP level 5. HP: 41/41 MP: 5/5
  3119 | D:3      | Learned a level 3 spell: Ozocubu's Armour
  3964 | D:3      | Reached skill level 1 in Ice Magic
  3964 | D:3      | Reached XP level 6. HP: 38/47 MP: 6/6
  4173 | D:4      | Noticed Pikel
  4178 | D:4      | Slain by Pikel

Illustrated notes

Levels and vault maps discovered:
D:1:      lightli_arrival_chessboard, layout_loops_ring,
          chequers_serial_rivers_large_b, patterned_corridor
D:2:      layout_loops_corners, basic_ecumenical_altar, serial_park_tiny_pond,
          lexackson_kobold_supper
D:3:      layout_basic, serial_bayou_ford_a, nicolae_grassy_gnolls
D:4:      layout_rooms, minmay_temple_entry_poolview, uniq_edmund, uniq_pikel,
          uniq_crazy_yiuf_cottage

Skill      XL: |  1  2  3  4  5 |
---------------+----------------+-----
Polearms       | 5 6 |  6.9
Dodging        | 5 6 |  6.2
Fighting       | 3 |  3.5
Ice Magic      | 1 |  1.3
Throwing       | |  2.0

Action                   |  1- 3 |  4- 6 || total
-------------------------+-------+-------++-------
Melee: Trident           |   146 |    86 ||   232
       Punch             |     3 |     1 ||     4
       Halberd           |       |    14 ||    14
Throw: Throwing net      |     1 |     4 ||     5
       Boomerang         |       |     5 ||     5
  Use: Scroll            |       |     2 ||     2
 Stab: Sleeping          |     3 |     3 ||     6
       Distracted        |     1 |       ||     1
Armor: Leather armour    |    30 |    17 ||    47
Dodge: Dodged            |    72 |    53 ||   125

Table legend: (Time is in decaauts)
 A = Elapsed time spent in this place.
 B = Non-inter-level travel time spent in this place.
 C = Inter-level travel time spent in this place.
 D = Time resting spent in this place.
 E = Time spent auto-exploring this place.
 F = Levels seen in this place.
 G = Mean time per level.
                   A        B        C        D        E       F      G
               +--------+--------+--------+--------+--------+-----+--------+
         Total |   4159 |   4091 |     68 |    242 |   3289 |   4 | 1039.8 |
       Dungeon |   4159 |   4091 |     68 |    242 |   3289 |   4 | 1039.8 |
               +--------+--------+--------+--------+--------+-----+--------+

Top non-repeatable levels by time:
     D:2: 1931 daAuts
     D:1: 1157 daAuts
     D:3: 920 daAuts
     D:4: 150 daAuts
